 Dungeon Crawl Stone Soup version 0.28-a0-861-ge64d6db94f (webtiles) character file.

Game seed: 4424691752032120378

187 bande the Covered (level 5, -3/33 HPs)
             Began as a Gargoyle Fighter on Nov 15, 2021.
             Slain by a lemure (6 damage)
             ... led by Pikel
             ... on level 3 of the Dungeon.
             The game lasted 00:04:25 (3195 turns).

bande the Covered (Gargoyle Fighter)                Turns: 3195, Time: 00:04:26

Health: -3/33      AC: 17    Str: 20    XL:     5   Next: 66%
Magic:  5/5        EV:  7    Int:  9    God:
Gold:   120        SH:  8    Dex:  9    Spells: 4/4 levels left

rFire   . . .      SeeInvis .   a - +0 war axe
rCold   . . .      Faith    .   g - +0 kite shield
rNeg    + . .      Spirit   .   b - +0 scale mail
rPois   ∞          Reflect  .   (no helmet)
rElec   +          Harm     .   l - +1 cloak
rCorr   .          Rampage  .   k - +2 pair of gloves
Will    .....                   e - +0 pair of boots
Stlth   ..........              (no amulet)
HPRegen 0.11/turn               (no ring)
MPRegen 0.09/turn               (no ring)

@: no status effects
A: sickness immunity, AC +4, negative energy resistance 1, electricity
resistance, torment resistance 1, petrification resistance
a: no special abilities


You were on level 3 of the Dungeon.
You visited 1 branch of the dungeon, and saw 4 of its levels.

You collected 120 gold pieces.

Inventory:

Hand Weapons
 a - a +0 war axe (weapon)
 m - a +1 mace of protection
Armour
 b - a +0 scale mail (worn)
 e - a +0 pair of boots (worn)
 g - a +0 kite shield (worn)
 k - a +2 pair of gloves (worn)
 l - a +1 cloak (worn)
Scrolls
 n - a scroll of identify
 o - a scroll of teleportation
Potions
 c - a potion of flight {unknown}
 d - a potion of might
 f - a potion of ambrosia
 h - 3 potions of curing
 i - a potion of mutation {unknown}
 j - a potion of resistance {unknown}
 p - a potion of berserk rage {unknown}


   Skills:
 + Level 4.0 Fighting
 + Level 3.6 Axes
 + Level 4.4 Armour
 - Level 0.2 Stealth
 + Level 4.0 Shields


You had 4 spell levels left.
You didn't know any spells.
Your spell library was empty.

Dungeon Overview and Level Annotations

Branches:
Dungeon (4/15)
 Temple: D:4-7

Altars:
Kikubaaqudgha
Qazlal
Xom

Annotations:
D:3 Pikel


Innate Abilities, Weirdness & Mutations

You are immune to sickness and miasma.
Your stone body is resilient. (AC +4)
You are immune to poison.
You resist negative energy. (rN+)
You are resistant to electric shocks. (rElec)
You are resistant to unholy torment.
You are immune to petrification.


Message History

You barely miss Pikel.
Pikel is moderately wounded.
You closely miss the lemure.
Pikel hits you with a +1 whip of flaming.
Pikel burns you. The lemure barely misses you.
Pikel hits you but does no damage. You block the lemure's attack.
You are too injured to fight recklessly!
You are too injured to fight recklessly!
You are too injured to fight recklessly!
You are too injured to fight recklessly!
You are too injured to fight recklessly!
You are too injured to fight recklessly!
You are too injured to fight recklessly!
You are too injured to fight recklessly!
You hit Pikel but do no damage.
Pikel is moderately wounded.
You barely miss the lemure. Pikel closely misses you.
The lemure hits you but does no damage. You block Pikel's attack.
The lemure hits you but does no damage.
You closely miss Pikel.
Pikel is moderately wounded.
You hit the lemure. You block Pikel's attack. You block the lemure's attack.
You hit Pikel.
Pikel is moderately wounded.
You closely miss the lemure. You block the lemure's attack.
Pikel hits you with a +1 whip of flaming.
* * * LOW HITPOINT WARNING * * *
Pikel burns you.
* * * LOW HITPOINT WARNING * * *
Pikel says, "Antaeus said I was his favorite kobold.
Me!"
You block Pikel's attack. The lemure hits you but does no damage.
You closely miss Pikel.
Pikel is moderately wounded.
You closely miss the lemure.
Pikel hits you with a +1 whip of flaming.
* * * LOW HITPOINT WARNING * * *
Pikel burns you.
* * * LOW HITPOINT WARNING * * *
The lemure hits you.
You die...

..###.##########.#
##.# ..# #.#
#....(.# #.# ..#
#.# ##.####.# #.#
÷)###.####.#.###.#
#.#
...##.....###....#
#.#
...#######.#.###.#
#.# ...# ##.## #.#
#.# ..## #.# #5#
#.# ..# #.# #@#
#.# ..# #.# #K#
#####.# ### #.#
#5# #.....# ## #.#
#.# #.##### .# #.#
#.# #[#
.##########.# #.#
#.# ............#
#.# #.#
############# #.#
#.# .# #.####.#


You could see Pikel and 2 lemures.

Vanquished Creatures
  2 lemures (D:3)
  A hound (D:2)
  Crazy Yiuf (D:2)
  Jessica (D:2)
  3 adders
  3 dart slugs
  2 orcs (D:3)
  3 ball pythons
  4 endoplasms (D:1)
  A giant cockroach (D:1)
  7 goblins
  7 hobgoblins
  3 quokkas
  7 bats
  A frilled lizard (D:3)
  3 kobolds
  3 rats
52 creatures vanquished.

Vanquished Creatures (others)
  An orc wizard (D:3)
1 creature vanquished.

Grand Total: 53 creatures vanquished

Notes
Turn   | Place    | Note
-------+----------+-------------------------------------------
     0 | D:1      | bande the Gargoyle Fighter began the quest for the Orb.
     0 | D:1      | Reached XP level 1. HP: 14/14 MP: 1/1
   256 | D:1      | Reached XP level 2. HP: 19/19 MP: 2/2
   664 | D:1      | Reached XP level 3. HP: 23/23 MP: 3/3
  1483 | D:2      | Reached XP level 4. HP: 29/29 MP: 4/4
  1690 | D:2      | Noticed Jessica
  1699 | D:2      | Killed Jessica
  2042 | D:2      | Found a runed translucent door.
  2043 | D:2      | Noticed Crazy Yiuf
  2197 | D:2      | Killed Crazy Yiuf
  2198 | D:2      | Reached XP level 5. HP: 33/33 MP: 5/5
  2244 | D:3      | Found a faded altar of an unknown god.
  2419 | D:3      | Found a stormy altar of Qazlal.
  2825 | D:3      | Found an ancient bone altar of Kikubaaqudgha.
  2942 | D:3      | Found a shimmering altar of Xom.
  3019 | D:4      | Noticed Pikel
  3019 | D:4      | Noticed a lemure
  3019 | D:4      | Noticed a lemure
  3019 | D:4      | Noticed a lemure
  3019 | D:4      | Noticed a lemure
  3032 | D:3      | Killed a lemure
  3190 | D:3      | Killed a lemure
  3195 | D:3      | Slain by a lemure

Illustrated notes

Levels and vault maps discovered:
D:1:      dpeg_arrival_arbitrary_c, layout_loops_ring, st_stairs_5
D:2:      wad_pebble_path, layout_basic, uniq_jessica, uniq_crazy_yiuf_cottage
D:3:      layout_loops_ring, mainiacjoe_overflow_paths,
          nicolae_overflow_crystal_walls, nicolae_overflow_hidden_temple,
          nicolae_ecumenical_pavilion, lightli_corner_chamber
D:4:      layout_basic, uniq_duvessa, uniq_pikel, uniq_menkaure

Skill      XL: |  1  2  3  4  5 |
---------------+----------------+-----
Axes           | 2 3 |  3.6
Armour         | 4 |  4.4
Fighting       | 4 |  4.0
Shields        | 4 |  4.0
Stealth        | |  0.2

Action                   |  1- 3 |  4- 6 || total
-------------------------+-------+-------++-------
Melee: War axe           |    66 |   112 ||   178
  Use: Scroll            |     2 |     3 ||     5
Armor: Scale mail        |    43 |    71 ||   114
Dodge: Dodged            |    24 |    60 ||    84
Block: Buckler           |    13 |       ||    13
       Kite shield       |     5 |    62 ||    67

Table legend: (Time is in decaauts)
 A = Elapsed time spent in this place.
 B = Non-inter-level travel time spent in this place.
 C = Inter-level travel time spent in this place.
 D = Time resting spent in this place.
 E = Time spent auto-exploring this place.
 F = Levels seen in this place.
 G = Mean time per level.
                   A        B        C        D        E       F      G
               +--------+--------+--------+--------+--------+-----+--------+
         Total |   3286 |   3270 |     16 |    640 |   2001 |   4 |  821.5 |
       Dungeon |   3286 |   3270 |     16 |    640 |   2001 |   4 |  821.5 |
               +--------+--------+--------+--------+--------+-----+--------+

Top non-repeatable levels by time:
     D:1: 1490 daAuts
     D:3: 985 daAuts
     D:2: 806 daAuts
     D:4: 5 daAuts
